 Dungeon Crawl Stone Soup version 0.32-a0-30-gefbe487952 (webtiles) character file.

Game seed: 4905818210400232536

3251 IdlyInterested the Fighter (level 9, -3/74 HPs)
             Began as a Demonspawn Gladiator on Jan 19, 2024.
             Succumbed to hgbash's ghost's poison
             ... on level 6 of the Dungeon.
             The game lasted 00:25:59 (6056 turns).

IdlyInterested the Fighter (Demonspawn Gladiator)   Turns: 6056, Time: 00:25:59

Health: -3/74      AC: 16    Str: 14 (16) XL:     9   Next: 67%
Magic:  6/19       EV:  7    Int: 15      God:
Gold:   272        SH:  0    Dex: 13 (14) Spells: 10/10 levels left

rFire   + . .        K - +2 quarterstaff (chaos)
rCold   + + .        (shield currently unavailable)
rNeg    . . .        C - +7 chain mail of Ohoibb {+Inv Int+3}
rPois   +            (helmet restricted)
rElec   +            S - +0 cloak
rCorr   +            (no gloves)
SInv    .            (no boots)
Will    .....        w - amulet of guardian spirit Stlth
                     s - ring of magical power
HPRegen 0.32/turn    u - ring of protection from cold
MPRegen 0.32/turn

%: guardian spirit
@: mighty, lethally poisoned (-3 -> -26), resistant
A: foul stench 1, magic regeneration, weakness stinger 2, hooves 1, horns 1
a: Evoke Invisibility


You were on level 6 of the Dungeon.
You visited 1 branch of the dungeon, and saw 6 of its levels.
You also visited: Sewer.

You collected 272 gold pieces.

Inventory:

Hand Weapons
 a - a +0 rapier
 q - a +0 quarterstaff
 J - a +2 whip of pain
 K - a +2 quarterstaff of chaos (weapon)
 O - a +5 short sword
Missiles
 d - 3 throwing nets
 l - 6 boomerangs (quivered)
 m - 3 silver javelins
 o - 39 stones
 y - 5 poisoned darts
 M - 6 darts of dispersal
Armour
 c - a +0 helmet
 r - a +0 ring mail of fire resistance
 C - the +7 chain mail of Ohoibb (worn) {+Inv Int+3}
   (You found it on level 3 of the Dungeon)

   Int+3:     It affects your intelligence (+3).
   +Inv:      It lets you turn invisible.
 I - +0 acid dragon scales
 N - a +0 pair of boots
 R - a +0 troll leather armour
 S - a +0 cloak (worn)
Magical Staves
 h - a staff of fire
 Q - a staff of cold
Jewellery
 p - a ring of poison resistance
 s - a ring of magical power (left hand)
 u - a ring of protection from cold (right hand)
 w - an amulet of guardian spirit (around neck)
 D - a ring of fire
Wands
 j - a wand of roots (12)
Scrolls
 b - 3 scrolls of teleportation
 i - 2 scrolls of immolation
 n - 2 scrolls of fear
 v - a scroll of poison
 z - 2 scrolls of amnesia {unknown}
 B - 3 scrolls of enchant weapon
 E - a scroll of blinking {unknown}
 F - a scroll of enchant armour {unknown}
 L - a scroll of butterflies {unknown}
Potions
 e - a potion of haste {unknown}
 f - a potion of enlightenment
 g - a potion of mutation
 k - a potion of magic {unknown}
 x - a potion of heal wounds {unknown}
 A - a potion of cancellation {unknown}


   Skills:
 + Level 8.0 Fighting
 - Level 4.0 Short Blades
 * Level 7.9 Staves
 - Level 2.0 Throwing
 - Level 1.0 Armour
 - Level 3.0 Dodging
 - Level 1.0 Stealth
 - Level 1.0 Shields
 - Level 1.0 Spellcasting
 - Level 1.0 Necromancy
 - Level 1.0 Fire Magic
 * Level 2.3 Ice Magic
 - Level 4.0 Evocations


You had 10 spell levels left.
You didn't know any spells.
Your spell library contained the following spells:

 Spells                   Type           Power      Damage    Failure   Level
 Sandblast                Erth           0%         2d4       99%         1
 Dazzling Flash           Conj/Hex       0%         N/A       100%        3
 Passwall                 Erth           0%         N/A       100%        3
 Stone Arrow              Conj/Erth      0%         3d7       100%        3
 Volatile Blastmotes      Fire/Tloc      4%         2d10      100%        3
 Brom's Barrelling Bould  Conj/Erth      0%         2d3       100%        4
 Fulminant Prism          Conj/Alch      0%         3d5       100%        4
 Iskenderun's Mystic Bla  Conj/Tloc      0%         2d3       100%        4
 Starburst                Conj/Fire      1%         6d3       100%        6
 Maxwell's Capacitive Co  Air            0%         ∞         100%        8


Dungeon Overview and Level Annotations

Branches:
Dungeon (6/15)              Sewer (visited)
 Temple: D:4-7

Altars:
Hepliaklqana
Qazlal
Sif Muna

Shops:
D:5 [:?


Innate Abilities, Weirdness & Mutations

You may rarely emit foul miasma when damaged in melee.
You regenerate magic rapidly.
You have a tail ending in a sharp stinger.
You have large cloven feet.
You have a pair of small horns on your head.


Message History

Your headbutt misses hgbash's ghost.
Hgbash's ghost is heavily damaged.
Hgbash's ghost hits you.
* * * LOW HITPOINT WARNING * * *
You are poisoned.
You emit a cloud of foul miasma!
You hit hgbash's ghost.
Lightning courses through hgbash's ghost!!
Your kick misses hgbash's ghost.
Hgbash's ghost is almost destroyed.
You feel sick.
Hgbash's ghost hits you but does no damage.
You are more poisoned.
You miss hgbash's ghost.
You kick hgbash's ghost, but do no damage.
You headbutt hgbash's ghost, but do no damage.
Hgbash's ghost is almost destroyed.
You feel very sick. Hgbash's ghost hits you.
* * * LOW HITPOINT WARNING * * *
You are lethally poisoned!
It was a potion of might.
You feel very mighty all of a sudden.
* * * LOW HITPOINT WARNING * * *
You feel very sick. Hgbash's ghost hits you.
* * * LOW HITPOINT WARNING * * *
You are more poisoned.
You closely miss hgbash's ghost. You kick hgbash's ghost.
You destroy hgbash's ghost!
* * * LOW HITPOINT WARNING * * *
You feel very sick.
You feel your strength returning.
You feel your intelligence returning.
You feel your dexterity returning.
Your Fighting skill increases to level 8!
Your Ice Magic skill increases to level 2!
Unknown command.
It was a potion of resistance.
You feel protected.
You die...

######.#.##[######)..#########..#
#...........).....)..#......W#...
..####.#.##.##....#..#.......#...
### #.>.##....##....'....)(.#...
.# ##..##..######..'.....$.#..#
.# ##..##.## #..'.....).#... .#
#...##.# #..#.......#...
.#####.#....# #####..#.......#..#
............###.@°C)(#########..#
.#.##.#####..#..###.............#
.#....# ##....## #.............#
.##..## ##..#..# ####...#####.##
.###.####......## ###.# #.#
.###..#.....##..# #)# #.##
......#..######.### #[# #...
.........# #...## ###.# ###.
......##.########..###...# #...


You could see a cyclops.

Vanquished Creatures
  The ghost of hgbash the Grave Robber, a novice DsNe (D:6)
  Maggie (D:6)
  A troll (D:6)
  Grinder (D:4)
  Sigmund (D:6)
  The ghost of zenocrate the Sneak, an amateur VSEn (D:3)
  An orc warrior (D:6)
  A black bear (D:4)
  3 ice beasts (D:5)
  2 ogres (D:6)
  A centaur (D:5)
  2 scorpions (D:5)
  4 wights
  A howler monkey (D:4)
  2 bombardier beetles
  3 hounds
  A jelly (D:4)
  2 orc priests
  Crazy Yiuf (D:6)
  5 iguanas
  Terence (D:3)
  A sleepcap (D:6)
  7 orc wizards
  A hell rat (Sewer)
  A scorpion simulacrum (D:3)
  3 adders
  3 river rats (Sewer)
  A howler monkey simulacrum (D:3)
  An ufetubus (D:6)
  2 dart slugs (D:1)
  A ribbon worm (D:4)
  2 adder simulacra (D:3)
  17 orcs
  6 endoplasms
  2 giant cockroaches
  4 goblins
  8 hobgoblins
  4 jackals (D:4)
  5 kobolds
  5 quokkas
  7 ball pythons
  2 ball python simulacra (D:3)
  3 bats
  5 frilled lizards
  14 rats
141 creatures vanquished.

Vanquished Creatures (others)
  A sky beast (D:6)
1 creature vanquished.

Grand Total: 142 creatures vanquished

Notes
Turn   | Place    | Note
-------+----------+-------------------------------------------
     0 | D:1      | IdlyInterested the Demonspawn Gladiator began the quest for
                  | the Orb.
     0 | D:1      | Reached XP level 1. HP: 16/16 MP: 1/1
   275 | D:1      | Reached skill level 1 in Armour
   291 | D:1      | Gained mutation: You have a small tail. [demonic ancestry]
   291 | D:1      | Reached XP level 2. HP: 22/22 MP: 2/2
   340 | D:1      | Reached skill level 1 in Stealth
   818 | D:2      | Reached skill level 1 in Shields
   818 | D:2      | Gained mutation: You regenerate magic rapidly. [demonic
                  | ancestry]
   818 | D:2      | Reached XP level 3. HP: 28/28 MP: 3/3
  1845 | D:3      | Noticed Terence
  1858 | D:3      | Killed Terence
  1859 | D:3      | Reached skill level 3 in Fighting
  1859 | D:3      | Reached skill level 1 in Staves
  1929 | D:3      | Noticed zenocrate's ghost (amateur VSEn)
  2022 | D:3      | Found a runed translucent gate.
  2043 | D:3      | Found a runed translucent gate.
  2043 | D:3      | Found a runed translucent gate.
  2196 | D:3      | Gained mutation: You may rarely emit foul miasma when
                  | damaged in melee. [demonic ancestry]
  2196 | D:3      | Reached XP level 4. HP: 35/35 MP: 4/4
  2490 | D:3      | Identified the +7 chain mail of Ohoibb {+Inv Int+3}
  2707 | D:3      | Killed zenocrate's ghost
  2708 | D:3      | Reached skill level 4 in Fighting
  2708 | D:3      | Reached skill level 1 in Spellcasting
  2708 | D:3      | Reached XP level 5. HP: 35/43 MP: 6/6
  2877 | D:4      | Reached skill level 5 in Fighting
  2877 | D:4      | Reached skill level 1 in Fire Magic
  2948 | D:4      | Found a glowing drain.
  2978 | D:4      | Noticed a black bear
  2999 | D:4      | Reached skill level 1 in Evocations
  2999 | D:4      | Reached XP level 6. HP: 17/51 MP: 7/7
  3006 | Sewer    | Entered a sewer
  3436 | D:4      | Found a hazy altar of Hepliaklqana.
  3502 | D:4      | Reached XP level 7. HP: 56/56 MP: 8/8
  3669 | D:4      | Noticed Grinder
  3670 | D:4      | Paralysed by Grinder for 4 turns
  3688 | D:4      | Paralysed by Grinder for 3 turns
  3694 | D:4      | Killed Grinder
  4009 | D:5      | Entered Level 5 of the Dungeon
  4010 | D:5      | Gained mutation: You have a pair of small horns on your
                  | head. [potion of mutation]
  4010 | D:5      | Gained mutation: You have large cloven feet. [potion of
                  | mutation]
  4031 | D:5      | Reached skill level 6 in Fighting
  4047 | D:5      | Identified the +2 chain mail "Lefoez" {*Slow +Blink Slay+2}
  4171 | D:5      | Found Zuasui Ohec's Magic Scroll Boutique.
  4179 | D:5      | Found Fifuimp's Book Shop.
  4180 | D:5      | Found Xaom's Armour Boutique.
  4215 | D:5      | Reached XP level 8. HP: 61/64 MP: 9/9
  4326 | D:5      | Reached skill level 5 in Staves
  4525 | D:5      | Found a stormy altar of Qazlal.
  4528 | D:5      | Noticed an air elemental
  4774 | D:5      | Found a shimmering blue altar of Sif Muna.
  5005 | D:5      | Reached skill level 1 in Necromancy
  5209 | D:6      | Reached skill level 7 in Fighting
  5351 | D:6      | Found a runed translucent gate.
  5351 | D:6      | Found a runed translucent gate.
  5351 | D:6      | Found a runed translucent gate.
  5353 | D:6      | Noticed a cyclops
  5354 | D:6      | Noticed Maggie
  5366 | D:6      | Killed Maggie
  5367 | D:6      | Gained mutation: You have a tail ending in a sharp stinger.
                  | [demonic ancestry]
  5367 | D:6      | Reached XP level 9. HP: 61/72 MP: 10/10
  5368 | D:6      | Noticed hgbash's ghost (novice DsNe)
  5420 | D:6      | Noticed a troll
  5428 | D:6      | Killed a troll
  5697 | D:6      | Noticed Sigmund
  5707 | D:6      | Killed Sigmund
  5947 | D:6      | Found a runed translucent door.
  5948 | D:6      | Noticed Crazy Yiuf
  5954 | D:6      | Killed Crazy Yiuf
  6050 | D:6      | Reached skill level 1 in Ice Magic
  6055 | D:6      | Killed hgbash's ghost
  6055 | D:6      | HP: 3/74 [poisoned by hgbash's ghost]
  6056 | D:6      | Reached skill level 8 in Fighting
  6056 | D:6      | Succumbed to hgbash's ghost's poison

Illustrated notes

Levels and vault maps discovered:
D:1:      nzn_arrival_settlement, layout_loops_ring, dreamdust_princess_bridge
D:2:      wander_river, layout_loops_corners
D:3:      layout_basic, gammafunk_ghost_icy, minmay_liquid_box, uniq_terence
D:4:      layout_basic, lemuel_tele_altar, gammafunk_temple_overflow_elements,
          portal_sewer_entry_f, uniq_grinder
D:5:      layout_loops_ring, nicolae_qazlal_style_of_elements, led_sif_book,
          nicolae_wooded_promenade
D:6:      layout_rooms, gammafunk_ghost_split, uniq_maggie,
          uniq_crazy_yiuf_cottage, uniq_sigmund

Skill      XL: |  1  2  3  4  5  6  7  8  9 |
---------------+----------------------------+-----
Armour         | 1 |  1.0
Stealth        | 1 |  1.0
Shields        | 1 |  1.0
Fighting       | 3 4 5 6 7 8 |  8.0
Staves         | 1 2 4 6 7 |  7.9
Spellcasting   | 1 |  1.0
Fire Magic     | 1 |  1.0
Evocations     | 1 3 4 |  4.0
Dodging        | 3 |  3.0
Throwing       | 2 |  2.0
Necromancy     | 1 |  1.0
Short Blades   | 3 4 |  4.0
Ice Magic      | 2 |  2.3

Action                     |  1- 3 |  4- 6 |  7- 9 || total
---------------------------+-------+-------+-------++-------
  Melee: Rapier            |    58 |       |       ||    58
         Quarterstaff      |    34 |   182 |   190 ||   406
         Tailslap          |     8 |    27 |    34 ||    69
         Staff             |       |     9 |    38 ||    47
         Kick              |       |       |    74 ||    74
         Headbutt          |       |       |    45 ||    45
         Punch             |       |       |     1 ||     1
         Short sword       |       |       |    20 ||    20
  Throw: Boomerang         |    10 |     6 |    16 ||    32
         Javelin           |       |     2 |     5 ||     7
         Dart              |       |       |     4 ||     4
    Use: Scroll            |     3 |     4 |     2 ||     9
         Potion            |       |     3 |     6 ||     9
 Armour: Leather armour    |    14 |       |       ||    14
         Chain mail        |    47 |   382 |   202 ||   631
         Ring mail         |     7 |     2 |       ||     9
  Dodge: Dodged            |    45 |   155 |    79 ||   279

Table legend: (Time is in decaauts)
 A = Elapsed time spent in this place.
 B = Non-inter-level travel time spent in this place.
 C = Inter-level travel time spent in this place.
 D = Time resting spent in this place.
 E = Time spent auto-exploring this place.
 F = Levels seen in this place.
 G = Mean time per level.
                   A        B        C        D        E       F      G
               +--------+--------+--------+--------+--------+-----+--------+
         Total |   6155 |   5899 |    256 |    922 |   3300 |   7 |  879.3 |
       Dungeon |   5855 |   5599 |    256 |    767 |   3261 |   6 |  975.8 |
         Sewer |    299 |    299 |      0 |    155 |     38 |   1 |  299.0 |
               +--------+--------+--------+--------+--------+-----+--------+

Top non-repeatable levels by time:
     D:5: 1184 daAuts
     D:2: 1021 daAuts
     D:3: 1003 daAuts
     D:4: 931 daAuts
     D:6: 861 daAuts
     D:1: 854 daAuts
   Sewer: 299 daAuts
